 Dungeon Crawl Stone Soup version 0.24-a0-536-gdd4cf15266 (webtiles) character file.

Game seed: 11824940107909334833

44 Delarado the Changer (level 3, -2/23 HPs)
             Began as an Octopode Transmuter on Aug 11, 2019.
             Killed from afar by Robin (12 damage)
             ... with a puff of flame
             ... on level 2 of the Dungeon.
             The game lasted 00:03:16 (1104 turns).

Delarado the Changer (Octopode Transmuter)          Turns: 1104, Time: 00:03:17

Health: -2/23      AC:  1    Str:  9    XL:     3   Next: 60%
Magic:  5/6        EV: 13    Int: 16    God:
Gold:   56         SH:  0    Dex: 12    Spells: 0/6 levels left

rFire    . . .     SeeInvis .     - Unarmed
rCold    . . .     Gourm    .   (no shield)
rNeg     . . .     Faith    .   (helmet restricted)
rPois    .         Spirit   .   (no amulet)
rElec    .         Reflect  .   (no ring)
rCorr    .         Harm     .   (no ring)
MR       .....                  (no ring)
Stlth    ++........             (no ring)
HPRegen  0.07/turn              (no ring)
MPRegen  0.10/turn              (no ring)
                                (no ring)
                                (no ring)

@: appendage
A: almost no armour, stealthy swim, amphibious, 8 rings, constrict 8, tentacle
spike 3, camouflage 1, gelatinous body 1
a: End Transformation


You were on level 2 of the Dungeon.
You were not hungry.
One of your tentacles had a temporary spike.
You visited 1 branch of the dungeon, and saw 2 of its levels.

You collected 56 gold pieces.

Inventory:

Missiles
 a - 36 arrows
 i - 31 stones (quivered)
Scrolls
 b - 3 scrolls of identify {unknown}
 d - 2 scrolls of remove curse {unknown}
Potions
 e - a potion of berserk rage {unknown}
 h - a potion of flight {unknown}
 j - a potion of agility {unknown}
 k - a potion of curing {unknown}
Comestibles
 c - 3 rations


   Skills:
 - Level 1.0 Fighting
 - Level 2.0 Dodging
 - Level 3.0 Unarmed Combat
 - Level 2.0 Spellcasting
 + Level 3.5 Transmutations
 * Level 1.5 Poison Magic


You couldn't memorise any spells.
You knew the following spells:

 Your Spells              Type           Power        Failure   Level  Hunger
a - Beastly Appendage     Tmut           ##....       4%          1    #......
b - Sticks to Snakes      Tmut           ##......     8%          2    ###....
c - Spider Form           Tmut/Pois      #.........   22%         3    ###....

Your spell library contained the following spells:

 Spells                   Type           Power        Failure   Level  Hunger
 Ice Form                 Ice/Tmut       #.......     69%         4    #####..
 Blade Hands              Tmut           ##........   80%         5    ######.


Dungeon Overview and Level Annotations

Branches:
Dungeon (2/15)

Altars:

Annotations:
D:2 Robin


Innate Abilities, Weirdness & Mutations

You cannot wear most types of armour.
You are very stealthy in the water. (Stealth+)
You are amphibious.
You can wear up to eight rings at the same time.
You can use your tentacles to constrict eight enemies at once.
Your skin changes colour to match your surroundings (Stealth+).
Your rubbery body absorbs attacks. (AC +1, EV +1)
One of your tentacles bears a large vicious spike.


Message History

You tentacle-slap the hobgoblin.
You pierce the hobgoblin.
You kill the hobgoblin!
The goblin barely misses you.
You closely miss the goblin. Your grab misses the goblin.
Your tentacle spike misses the goblin.
The goblin hits you.
You tentacle-slap the goblin.
You kill the goblin!
You barely miss the hobgoblin. You grab the hobgoblin.
You squeeze the hobgoblin, but do no damage.
You constrict the hobgoblin, but do no damage.
The hobgoblin hits you.
You tentacle-slap the hobgoblin but do no damage.
You squeeze the hobgoblin.
You kill the hobgoblin!
Robin roars a battlecry!
You hear a shout!
A goblin comes into view. It is wielding a +2 dagger of draining.
Robin zaps a wand.
The puff of flame hits you!
Ouch! That really hurt!
You die...

#.########.#
#.#........# #
#.#........#.#
#.#.........#
#.#........##
#.#..g......#
#.............#
#g#........##.#
#@####.###.##.#
#.# #.# #.##.# #.#
#.# #.##.#### #รท#
#.# #.##.#... #.#
#.# #.##.#.## #.#
#.# #........
#.####.# #..#....#
#.##...###.....#.#
#................#


You could see Robin.

Vanquished Creatures
  An adder (D:2)
  2 worms (D:2)
  2 dart slugs (D:1)
  4 goblins
  4 hobgoblins
  A ball python (D:2)
  A bat (D:1)
  4 frilled lizards
  3 kobolds (D:1)
  7 rats
29 creatures vanquished.

Notes
Turn   | Place    | Note
-------+----------+-------------------------------------------
     0 | D:1      | Delarado the Octopode Transmuter began the quest for the
                  | Orb.
     0 | D:1      | Reached XP level 1. HP: 13/13 MP: 3/3
   111 | D:1      | Reached XP level 2. HP: 18/18 MP: 5/5
   154 | D:1      | Learned a level 2 spell: Sticks to Snakes
   630 | D:2      | Reached XP level 3. HP: 23/23 MP: 4/6
   635 | D:2      | Learned a level 3 spell: Spider Form
   726 | D:2      | Reached skill level 1 in Poison Magic
  1084 | D:2      | Noticed Robin
  1104 | D:2      | Killed from afar by Robin

Levels and vault maps discovered:
D:1:      lightli_arrival_quake, layout_basic
D:2:      layout_loops_ring, nicolae_dithmenos_shadow_blocks,
          grunt_ministairs_14, uniq_robin

Skill      XL: |  1  2  3 |
---------------+----------+-----
Transmutations | 3 |  3.5
Poison Magic   | 1 |  1.5
Fighting       | |  1.0
Dodging        | |  2.0
Unarmed Combat | |  3.0
Spellcasting   | |  2.0

Action                   || total
-------------------------++-------
Melee: Unarmed           ||    33
       Constrict         ||    11
       Kick              ||     8
       Tentacles         ||     6
       Punch             ||     1
Throw: Javelin           ||    30
       Stone             ||    10
 Cast: Beastly Appendage ||    13
  Eat: Chunk             ||     1
Armor: Skin              ||     2
Dodge: Dodged            ||    17

Table legend:
 A = Non-vault XP
 B = Vault XP
 C = Vault XP percentage of total XP
 D = Non-vault monster count
 E = Vault monster count
 F = Vault count percentage of total count
                 A         B        C        D         E       F
            +---------+---------+-------+---------+---------+-------
      Total |      56 |       7 |  11.1 |      25 |       4 |  13.8
            +---------+---------+-------+---------+---------+-------
        D:1 |      29 |       0 |   0.0 |      18 |       0 |   0.0
        D:2 |      27 |       7 |  20.6 |       7 |       4 |  36.4
            +---------+---------+-------+---------+---------+-------
